 Dungeon Crawl Stone Soup version 0.31-a0-202-g547052bce9 (webtiles) character file.

Game seed: 11095547079453665677

23163 benadryl the Carver (level 12, -5/103 HPs)
             Began as a Black Draconian Conjurer on June 26, 2023.
             Was an Elder of Sif Muna.
             Killed from afar by a rime drake (17 damage)
             ... with an icy flash freeze
             ... on level 3 of the Lair of Beasts.
             The game lasted 00:40:43 (16204 turns).

benadryl the Carver (Black Draconian Conjurer)     Turns: 16204, Time: 00:40:45

Health: -5/103     AC: 13    Str:  9    XL:     12   Next: 69%
Magic:  27/27      EV: 12    Int: 21    God:    Sif Muna [****..]
Gold:   663        SH:  0    Dex: 13    Spells: 8/19 levels left

rFire   . . .        a - +9 sword of Zonguldrok {reap}
rCold   . . .        (no shield)
rNeg    . . .        (body armour unavailable)
rPois   .            m - +0 hat
rElec   +            y - +2 cloak
rCorr   +            o - +1 pair of gloves
SInv    .            (no boots)
Will    +....        i - amulet of magic regeneration
Stlth   ++           e - ring of magical power
HPRegen 0.37/turn    h - ring of resist corrosion
MPRegen 0.60/turn

%: no passive effects
@: short of breath
A: breathe lightning, AC +8, unfitting armour, electricity resistance,
cold-blooded, strong-willed 1
a: Breathe Lightning, Renounce Religion, Channel Magic, Forget Spell, Divine
Exegesis


You were on level 3 of the Lair of Beasts.
You worshipped Sif Muna.
Sif Muna was greatly pleased with you.
You visited 3 branches of the dungeon, and saw 14 of its levels.
You also visited: Sewer.

You collected 663 gold pieces.

Inventory:

Hand Weapons
 a - the +9 sword of Zonguldrok (weapon) {reap}
   (You acquired it on level 7 of the Dungeon)
 b - a +2 long sword of flaming
Missiles
 n - a throwing net
Armour
 m - a +0 hat (worn)
 o - a +1 pair of gloves (worn)
 y - a +2 cloak (worn)
 H - a +0 buckler
Jewellery
 e - a ring of magical power (left hand)
 h - a ring of resist corrosion (right hand)
 i - an amulet of magic regeneration (around neck)
 s - a ring of fire
 v - a +4 ring of protection
 G - an amulet of faith
 I - an amulet of regeneration
Wands
 d - a wand of polymorph (33)
 r - a wand of paralysis (8)
 t - a wand of roots (20)
Scrolls
 c - 2 scrolls of noise
 k - 2 scrolls of poison
 p - a scroll of teleportation
 q - 2 scrolls of identify {@r1}
 u - a scroll of silence
 w - 3 scrolls of amnesia
 x - a scroll of revelation
 A - 2 scrolls of enchant armour
 C - 2 scrolls of fog
 F - 3 scrolls of vulnerability
Potions
 f - 2 potions of magic
 g - 2 potions of degeneration
 j - 6 potions of curing {@q1}
 l - 4 potions of brilliance
 z - 2 potions of attraction


   Skills:
 - Level 8.8 Fighting
 - Level 14.5 Long Blades
 - Level 1.7 Dodging
 - Level 1.7 Stealth
 - Level 4.0 Spellcasting
 + Level 9.6 Conjurations
 * Level 12.0 Air Magic


You had 8 spell levels left.
You knew the following spells:

 Your Spells              Type           Power      Damage    Failure   Level
a - Magic Dart            Conj           100%       1d8       1%          1
b - Searing Ray           Conj           88%        2d7       1%          2
c - Arcjolt               Conj/Air       24%        1d34      4%          5
d - Vhi's Electric Charg  Tloc/Air       58%        N/A       3%          3

Your spell library contained the following spells:

 Spells                   Type           Power      Damage    Failure   Level
 Shock                    Conj/Air       100%       1d9       1%          1
 Static Discharge         Conj/Air       98%        2-7/arc   1%          2
 Swiftness                Air            53%        N/A       1%          3
 Dazzling Flash           Conj/Hex       48%        N/A       4%          3
 Stone Arrow              Conj/Erth      48%        3d10      4%          3
 Necrotise                Necr           16%        1d4       12%         1
 Fulminant Prism          Conj/Hex       12%        3d8       17%         4
 Iskenderun's Mystic Bla  Conj/Tloc      24%        2d7       17%         4
 Freezing Cloud           Conj/Ice/Air   17%        6-21      17%         5
 Ensorcelled Hibernation  Hex/Ice        8%         N/A       19%         2
 Conjure Ball Lightning   Conj/Air       24%        3x3d7     22%         6
 Spider Form              Tmut/Pois      4%         N/A       34%         3
 Summon Guardian Golem    Hex/Summ       4%         N/A       34%         3
 Vampiric Draining        Necr           4%         2d6       34%         3
 Anguish                  Hex/Necr       2%         N/A       75%         4
 Leda's Liquefaction      Hex/Erth       2%         N/A       75%         4
 Summon Ice Beast         Ice/Summ       4%         N/A       75%         4
 Plasma Beam              Fire/Air       14%        2x1d25    83%         6
 Orb of Destruction       Conj           22%        9d8       89%         7
 Leda's Unmaking          Conj/Erth      12%        9d3       95%         6
 Agony                    Necr           4%         N/A       97%         5
 Lee's Rapid Deconstruct  Erth           2%         3d4*      97%         5
 Statue Form              Tmut/Erth      2%         N/A       100%        6
 Spellforged Servitor     Conj/Summ      12%        N/A       100%        7
 Lehudib's Crystal Spear  Conj/Erth      12%        10d4      100%        8
 Chain Lightning          Conj/Air       24%        3d32      100%        9
 Animate Armour           Summ/Erth      Unusable   N/A       N/A         4

Dungeon Overview and Level Annotations

Branches:
Dungeon (10/15)            Temple (1/1) D:4            Lair (3/5) D:9
  Swamp (0/4) Lair:2       Spider (0/4) Lair:3        Sewer (visited)
    Orc: D:9-12

Altars:
Ashenzari
Cheibriados
Dithmenos
Elyvilon
Fedhas
Gozag
Hepliaklqana
Kikubaaqudgha
Makhleb
Nemelex Xobeh
Okawaru
Qazlal
Ru
Sif Muna
Trog
Uskayaw
Vehumet
Wu Jian
Xom
Yredelemnul
Zin
The Shining One

Shops:
D:1 :   D:4 :

Annotations:
D:10 4 runed translucent doors


Innate Abilities, Weirdness & Mutations

You can breathe wild blasts of lightning.
Your glossy black scales are hard. (AC +8)
You cannot fit into any form of body armour.
You are resistant to electric shocks. (rElec)
You are cold-blooded and may be slowed by cold attacks.
You are strong-willed. (Will+)


Message History

Unknown command.
Activating: Breathe Lightning (2% risk of failure)
Press: ? - help, Dir - look around, f - activate You breathe a wild blast of lightning!
The orb of electricity explodes!
The orb of electricity engulfs the electric eel.
The electric eel completely resists.
The orb of electricity explodes!
The orb of electricity engulfs you but does no damage.
The orb of electricity engulfs your cane toad zombie!!
Your cane toad zombie is severely damaged.
You hear an angry hiss.
You hear a bellow!
The cane toad zombie hits you.
* * * LOW HITPOINT WARNING * * *
You slice the cane toad zombie!!
You destroy the cane toad zombie!
That felt strangely unrewarding.
The electric eel shoots out a bolt of lightning at you!
The bolt of electricity hits you. You resist.
* * * LOW HITPOINT WARNING * * *
Casting: Vhi's Electric Charge (mildly dangerous; 3% risk of failure)
Confirm with . or Enter, or press ? or * to list all spells.
Aiming: Searing Ray (safe; 1% risk of failure)
Press: ? - help, Shift-Dir - straight line, f - electric eel
Aim: an electric eel (70% to hit)
The searing ray misses the electric eel. (Press . to maintain the ray.)
A lindwurm comes into view.
As you read the scroll of fog, it dissolves into smoke.
The electric eel shoots out a bolt of lightning at you!
The bolt of electricity hits you. You resist.
* * * LOW HITPOINT WARNING * * *
The electric eel shoots out a bolt of lightning at you!
The bolt of electricity hits you. You resist.
* * * LOW HITPOINT WARNING * * *
You open the door.
A rime drake comes into view.
Found a scroll of identify.
There is an open door here.
The rime drake breathes ice at you. The icy flash freeze hits you!
You die...

♣.~≈~.♣*♣...♣#......(.,,,,,,,,*
P.~≈~♣,,♣♣..............,,,,,**
*♣~S~♣*♣♣♣.......P.(....,,,,,**
♣♣S~~♣♣♣..........P.....,,,,,,*
♣§§≈~♣♣..........(((.(..,,,,,**
§§§§..................,,,,,,,**
§§§§§.................,,,,,,,,*
§§§..§............#.#.,,***,,**
§§§...#.....#...@.##.******,,,*
§§§..#..#..##.....#*,,,,,**,,**
§§§...............##,,,,,**,,,*
§§§..P.....##......#,,,,,**,,**
............'.....#...,,,**,,*
.....##..####.....##...,,**,,*
.......P..#*.....k#*#..,**,,,**
...............?...#,+.,**,,,,*
.....................,,,,,,,,**


You could see a rime drake (catching breath).

Vanquished Creatures
  Gastronok (D:8)
  A two-headed ogre (D:9)
  A skyshark (Lair:3)
  Lodul (D:9)
  3 bog bodies (Lair:2)
  3 elephants
  Maurice (D:9)
  7 cane toads
  5 komodo dragons
  A troll (D:8)
  Prince Ribbit (D:8)
  A hornet (D:10)
  3 blink frogs (Lair:2)
  4 spriggans (Lair:2)
  Sigmund (D:2)
  2 wyverns
  A shadow (D:10)
  22 yaks
  2 steam dragons
  3 water moccasins
  A cane toad zombie (Lair:3)
  A sky beast (D:7)
  An ice beast (D:7)
  An orc warrior (D:9)
  2 black bears
  11 ogres
  3 wolves (D:8)
  2 centaurs
  A phantom (D:5)
  2 kobold brigands
  10 bullfrogs
  A gnoll sergeant (D:9)
  A scorpion (D:5)
  A killer bee (D:7)
  A yak zombie (Lair:3)
  5 howler monkeys
  5 hounds
  7 jellies
  Crazy Yiuf (D:7)
  7 orc priests
  A gnoll bouda (D:7)
  A sleepcap (D:5)
  2 iguanas
  9 orc wizards
  2 human simulacra (D:9)
  5 gnolls (D:9)
  8 adders
  A river rat (Sewer)
  2 white imps (D:7)
  2 ufetubi (D:6)
  5 worms
  3 dart slugs
  27 orcs
  19 endoplasms
  A giant cockroach (Sewer)
  8 goblins
  7 hobgoblins
  4 jackals
  3 quokkas
  10 ball pythons
  5 bats
  8 frilled lizards
  17 kobolds
  11 rats
289 creatures vanquished.

Vanquished Creatures (collateral kills)
  An elephant (Lair:2)
  3 cane toads (Lair:1)
  A blink frog (Lair:2)
  2 spriggans (Lair:2)
  A wyvern (Lair:1)
  11 yaks
  Grum (D:8)
  A basilisk (Lair:2)
  An ogre (D:10)
  A wolf (D:8)
  A kobold brigand (D:9)
  2 bullfrogs
  An electric eel (Lair:2)
  3 kobolds (D:9)
30 creatures vanquished.

Vanquished Creatures (others)
  A wizard (D:6)
  An elephant zombie (Lair:2)
  2 blink frog zombies (Lair:2)
  2 komodo dragon zombies (Lair:2)
  A wyvern zombie (D:8)
  5 yak zombies
  A centaur zombie (D:9)
  2 bullfrog zombies
  A human zombie (D:9)
  3 ogre zombies (D:10)
  3 howler monkey zombies
  2 gnoll zombies
  2 kobolds (D:9)
  11 kobold zombies
  6 orc zombies
43 creatures vanquished.

Grand Total: 362 creatures vanquished

Notes
Turn   | Place    | Note
-------+----------+-------------------------------------------
     0 | D:1      | benadryl the Draconian Conjurer began the quest for the
                  | Orb.
     0 | D:1      | Reached XP level 1. HP: 14/14 MP: 3/3
   343 | D:1      | Reached XP level 2. HP: 20/20 MP: 1/5
   503 | D:1      | Learned a level 2 spell: Searing Ray
  1020 | D:1      | Found Jurytojahu's Book Emporium.
  1315 | D:2      | Noticed Sigmund
  1327 | D:2      | Killed Sigmund
  1328 | D:2      | Reached skill level 5 in Conjurations
  1328 | D:2      | Reached XP level 3. HP: 10/26 MP: 8/8
  1328 | D:2      | Reached XP level 4. HP: 13/33 MP: 10/10
  1328 | D:2      | Reached XP level 5. HP: 15/38 MP: 11/11
  1423 | D:2      | Identified the +3 mace of Lekhar {protect, rF- Int+2 SInv
                  | Stlth+}
  2373 | D:3      | Reached XP level 6. HP: 14/45 MP: 12/12
  2800 | D:3      | Found a stormy altar of Qazlal.
  3148 | D:4      | Found a staircase to the Ecumenical Temple.
  3161 | Temple   | Entered the Ecumenical Temple
  3296 | Temple   | Became a worshipper of Sif Muna the Loreminder
  3391 | D:4      | Found a glowing silver altar of Zin.
  3486 | D:4      | Reached skill level 1 in Long Blades
  3797 | D:4      | Found Teuzau's Book Boutique.
  3849 | D:4      | Reached skill level 1 in Fighting
  3911 | D:5      | Entered Level 5 of the Dungeon
  4050 | D:5      | Reached skill level 2 in Long Blades
  4081 | D:5      | Your scales start taking on a glossy black colour.
  4081 | D:5      | Reached XP level 7. HP: 46/55 MP: 13/13
  4081 | D:5      | Gained mutation: You are resistant to electric shocks.
                  | (rElec) [Black Draconian growth]
  4191 | D:5      | Reached skill level 3 in Long Blades
  4299 | D:5      | Reached * piety under Sif Muna
  4423 | D:5      | Reached skill level 4 in Long Blades
  4831 | D:6      | Reached skill level 5 in Long Blades
  4860 | D:6      | Found a bloodstained altar of Trog.
  4862 | D:6      | Noticed a wizard
  4866 | D:6      | Killed a wizard
  4893 | D:6      | Reached XP level 8. HP: 66/66 MP: 14/14
  5093 | D:6      | Found a glowing drain.
  5109 | Sewer    | Entered a sewer
  5221 | Sewer    | Found a viscous altar of Jiyva.
  5280 | Sewer    | Reached skill level 6 in Long Blades
  5347 | D:6      | Reached ** piety under Sif Muna
  5887 | D:7      | Reached skill level 5 in Fighting
  6103 | D:7      | Identified a scroll of acquirement
  6103 | D:7      | Acquired the +9 sword of Zonguldrok {reap}
  6103 | D:7      | Found the +9 sword of Zonguldrok {reap}
  6480 | D:7      | Reached skill level 7 in Long Blades
  6553 | D:7      | Found a runed translucent door.
  6554 | D:7      | Noticed Crazy Yiuf
  6821 | D:7      | Killed Crazy Yiuf
  6982 | D:7      | Reached skill level 8 in Long Blades
  6986 | D:7      | Reached XP level 9. HP: 74/74 MP: 14/15
  7233 | D:7      | Reached skill level 9 in Long Blades
  7431 | D:8      | Noticed Gastronok
  7466 | D:8      | Killed Gastronok
  7467 | D:8      | Reached skill level 11 in Long Blades
  7931 | D:8      | Noticed Grum
  7939 | D:8      | Killed Grum
  7940 | D:8      | Reached XP level 10. HP: 49/81 MP: 16/16
  7942 | D:8      | Your ally Grum died
  7946 | D:8      | Reached skill level 12 in Long Blades
  8447 | D:8      | Noticed Prince Ribbit
  8455 | D:8      | Killed Prince Ribbit
  8607 | D:9      | Reached *** piety under Sif Muna
  8676 | D:9      | Found a staircase to the Lair.
  8717 | D:9      | Noticed Maurice
  9274 | D:9      | Killed Maurice
  9275 | D:9      | Reached skill level 13 in Long Blades
  9690 | D:9      | Noticed a two-headed ogre
  9698 | D:9      | Your ally Maurice died
  9710 | D:9      | Killed a two-headed ogre
 10384 | D:10     | Entered Level 10 of the Dungeon
 10389 | D:9      | Reached skill level 14 in Long Blades
 10621 | D:10     | Noticed Lodul
 11101 | D:9      | Killed Lodul
 11101 | D:9      | Reached **** piety under Sif Muna
 11102 | D:9      | Reached XP level 11. HP: 42/89 MP: 17/17
 11316 | D:10     | Found a runed translucent door.
 11473 | D:10     | Paralysed by a hornet for 1 turns
 11618 | D:10     | Found a shadowy altar of Dithmenos.
 11624 | D:10     | Found a hazy altar of Hepliaklqana.
 11647 | D:10     | Found a broken altar of Ashenzari.
 11647 | D:10     | Found a hide-covered altar of Uskayaw.
 11647 | D:10     | Found a glowing golden altar of the Shining One.
 11647 | D:10     | Found an ornate altar of the Wu Jian Council.
 11843 | D:10     | Found a snail-covered altar of Cheibriados.
 11844 | D:10     | Found a radiant altar of Vehumet.
 11845 | D:10     | Found a sacrificial altar of Ru.
 11951 | D:10     | Found a runed translucent door.
 12187 | D:10     | Found a runed translucent door.
 12337 | D:10     | Found a runed translucent door.
 12493 | Lair:1   | Entered Level 1 of the Lair of Beasts
 13121 | Lair:1   | Reached skill level 1 in Air Magic
 13288 | Lair:1   | Reached skill level 5 in Air Magic
 14227 | Lair:2   | Gained mutation: You are strong-willed. (Will+) [potion of
                  | mutation]
 14256 | Lair:2   | Reached ***** piety under Sif Muna
 14265 | Lair:2   | Reached XP level 12. HP: 25/103 MP: 18/18
 14533 | Lair:2   | Learned a level 5 spell: Arcjolt
 14557 | Lair:2   | Learned a level 3 spell: Vhi's Electric Charge
 14588 | Lair:2   | Received a gift from Sif Muna
 14589 | Lair:2   | Got Ruehom's Catalogue of Rime and Turbulence {god gift}
 15180 | Lair:2   | Reached skill level 10 in Air Magic
 15366 | Lair:2   | Found a staircase to the Swamp.
 16204 | Lair:3   | Killed from afar by a rime drake

Illustrated notes

Levels and vault maps discovered:
D:1:      lightli_arrival_maybe_door_vault, layout_basic, serial_shops, shop,
          wad_floor_pattern_2, minmay_box_of_dots
D:2:      layout_loops_ring, grunt_ministairs_13, skrybe_limestone_x,
          uniq_sigmund
D:3:      layout_loops_ring, nicolae_qazlal_scattered_showers, chequers_garden,
          nrook_campfire, kennysheep_orc_chapel
D:4:      layout_gridville, lemuel_doored_altar,
          minmay_temple_entry_stoned_glass, serial_shops, shop
D:5:      layout_gridville, amcnicky_mini_pool_small
D:6:      layout_loops_cross, trog_wizard, lightli_sewer_entry_pipes
D:7:      layout_layer_cave, minmay_joined_circles, uniq_crazy_yiuf_cottage
D:8:      layout_basic, nicolae_figureground_sparkle, uniq_gastronok, uniq_grum,
          uniq_prince_ribbit1
D:9:      layout_gridville, lair_entry_dummy, serial_glass, glass_columns_a,
          glass_columns_a, bh_circular_ruins, uniq_maurice
D:10:     layout_cave_pods, minitemple, serial_glass, glass_columns_a,
          glass_columns_b, glass_columns_a, glass_columns_c, glass_columns_b,
          glass_columns_c, minmay_statue_crystal_thing, uniq_lodul
Temple:   hellmonk_temple_beads
Lair:1:   layout_cave_pods
Lair:2:   layout_chaotic_city, nicolae_swamp_entry_splash_gauntlet,
          wad_woods_01, grunt_megastairs_2
Lair:3:   minmay_lair_oklob_tunnel, layout_regular_city, spider_nest_entry_a,
          beast_lair_carwin_10, lemuel_fruit_tree, wad_woods_river_01

Skill      XL: |  1  2  3  4  5  6  7  8  9 10 11 12 |
---------------+-------------------------------------+-----
Spellcasting   | 4 |  4.0
Conjurations   | 5 6 8 9 |  9.6
Long Blades    | 2 5 8 11 14 | 14.5
Fighting       | 2 4 5 8 |  8.8
Air Magic      | 8 12 | 12.0
Dodging        | |  1.7
Stealth        | |  1.7

Action                     |  1- 3 |  4- 6 |  7- 9 | 10-12 || total
---------------------------+-------+-------+-------+-------++-------
  Melee: Unarmed           |     7 |       |       |       ||     7
         Dagger            |     5 |       |       |       ||     5
         Tailslap          |     1 |    10 |    10 |    48 ||    69
         Long sword        |     4 |    68 |    63 |       ||   135
         Punch             |     1 |     1 |       |     3 ||     5
         Double sword      |       |       |    52 |   371 ||   423
  Throw: Throwing net      |       |       |       |     2 ||     2
   Cast: Magic Dart        |    36 |    86 |    46 |     6 ||   174
         Searing Ray       |     1 |     8 |    43 |    19 ||    71
         Vhi's Electric Ch |       |       |       |     4 ||     4
         Arcjolt           |       |       |       |     3 ||     3
Ability: Breathe Lightning |       |       |       |     1 ||     1
  Evoke: Wand              |       |       |       |     1 ||     1
    Use: Potion            |     1 |     2 |     1 |     7 ||    11
         Scroll            |     1 |    13 |     7 |     7 ||    28
   Stab: Sleeping          |       |     1 |       |     3 ||     4
         Held in net/web   |       |       |       |     1 ||     1
         Distracted        |       |       |       |     2 ||     2
 Armour: Skin              |    18 |    36 |    88 |   147 ||   289
  Dodge: Dodged            |    21 |    57 |   103 |   228 ||   409

Table legend: (Time is in decaauts)
 A = Elapsed time spent in this place.
 B = Non-inter-level travel time spent in this place.
 C = Inter-level travel time spent in this place.
 D = Time resting spent in this place.
 E = Time spent auto-exploring this place.
 F = Levels seen in this place.
 G = Mean time per level.
                   A        B        C        D        E       F      G
               +--------+--------+--------+--------+--------+-----+--------+
         Total |  16279 |  15800 |    479 |   4628 |   8035 |  15 | 1085.3 |
       Dungeon |  12176 |  11798 |    378 |   3086 |   6484 |  10 | 1217.6 |
        Temple |    159 |    100 |     59 |      0 |     89 |   1 |  159.0 |
          Lair |   3674 |   3633 |     41 |   1542 |   1462 |   3 | 1224.7 |
         Sewer |    268 |    268 |      0 |      0 |      0 |   1 |  268.0 |
               +--------+--------+--------+--------+--------+-----+--------+

Top non-repeatable levels by time:
     D:9: 1951 daAuts
     D:8: 1913 daAuts
  Lair:2: 1782 daAuts
     D:7: 1683 daAuts
  Lair:1: 1560 daAuts
     D:1: 1301 daAuts
    D:10: 1203 daAuts
     D:5: 890 daAuts
     D:3: 852 daAuts
     D:2: 849 daAuts
     D:4: 775 daAuts
     D:6: 755 daAuts
  Lair:3: 332 daAuts
   Sewer: 268 daAuts
  Temple: 159 daAuts
